Cogmind - Beta 17.1 @@@ ROGUE MODE // 2026.09.06 @ 02:46:04 Player: 4R-ZE3 Result: Destroyed by HX-LYW(R) with Subdweller Machine Gun Performance ------------- Evolutions (0) 0 Regions Visited (2) 400 Robots Destroyed (23) 115 Value Destroyed (586) 586 Prototype IDs (14) 280 Alien Tech Used (0) 0 Bonus (-40) -40 TOTAL SCORE: 1341 Bonus ------- Friendly Fire -40 Cogmind --------- Core Integrity 0/250 Matter 300/300 Energy 160/160 System Corruption 0% Temperature Cool (46) Movement Treading (260) Ox1 Location -10/Subcaves Parts ------- > --- POWER (1) -------- Light Nuclear Core > --- PROPULSION (2) --- Spiked Treads Compact Wheel > --- UTILITY (2) ------ Small Storage Unit Structural Scanner > --- WEAPON (2) ------- Subdweller Laser Subdweller Beam Cannon > --- INVENTORY (8) ---- Subdweller Power Source Cargo Legs Core Shielding Subdweller Laser Subdweller Laser Grenade Launcher Multitool Peak State ------------ > --- POWER ------------ Light Nuclear Core > --- PROPULSION ------- Spiked Treads Compact Wheel > --- UTILITY ---------- Small Storage Unit Structural Scanner > --- WEAPON ----------- Subdweller Laser Subdweller Beam Cannon > --- INVENTORY -------- Subdweller Power Source Cargo Legs Core Shielding Subdweller Laser Battle Cannon Grenade Launcher Multitool [Rating: 14] Favorites ----------- Power Light Nuclear Core Engine Ion Engine Power Core Light Nuclear Core Propulsion Compact Wheel Treads Light Treads Wheel Compact Wheel Utility Small Storage Unit Device Structural Scanner Storage Small Storage Unit Protection Core Shielding Weapon Subdweller Beam Cannon Energy Gun Subdweller Laser Energy Cannon Subdweller Beam Cannon Ballistic Gun Assault Rifle Launcher Grenade Launcher Build | -11 -10 -10 ------- Run | Yrd Mat Sub Slots Evolved . | . . . Power . | . . . Propulsion . | . . . Utility . | . . . Weapon . | . . . Parts Attached 19 | 6 2 11 Power 2 | 1 . 1 Engine 1 | 1 . . Core 1 | . . 1 Reactor . | . . . Propulsion 5 | 2 . 3 Treads 3 | 2 . 1 Leg . | . . . Wheel 2 | . . 2 Hover . | . . . Flight . | . . . Utility 3 | 1 1 1 Device 1 | . . 1 Storage 1 | 1 . . Processor . | . . . Hackware . | . . . Protection 1 | . 1 . Artifact . | . . . Weapon 9 | 2 1 6 Energy Gun 4 | 1 . 3 Energy Cannon 1 | . . 1 Ballistic Gun 2 | 1 . 1 Ballistic Cannon . | . . . Launcher 2 | . 1 1 Special Weapon . | . . . Impact Weapon . | . . . Slashing Weapon . | . . . Piercing Weapon . | . . . Special Melee Weapon . | . . . Unidentified Prototypes . | . . . Parts Lost 4 | . . 4 Power 1 | . . 1 Propulsion 2 | . . 2 Utility . | . . . Weapon 1 | . . 1 Highest Loss Streak 3 | . . 3 To Critical Strikes . | . . . Average Backups 6 | 1 6 7 Power 1 | . 1 1 Propulsion 1 | . 2 . Utility . | . . 1 Weapon 3 | . 2 3 Tool/Special . | . . . Unused Backups 12 | . 2 10 Power 2 | . . 2 Propulsion 2 | . 1 1 Utility 1 | . . 1 Weapon 6 | . 1 5 Tool/Special 1 | . . 1 Average Slot Usage (%) 97 | . 92 99 Engine 5 | . 13 1 Core 8 | . . 12 Treads 10 | . 27 3 Wheel 16 | . . 24 Device 9 | . . 13 Storage 14 | . 14 14 Protection 3 | . 8 . Energy Gun 12 | . 13 11 Energy Cannon 8 | . . 12 Ballistic Gun 6 | . 13 3 Peak Build Rating 14 | 6 7 14 Average Rating 10 | 4 6 12 On Entrance 4 | . 6 7 Avg Prop Armor Cover (%) 16 | . . 16 Naked Turns . | . . . Heaviest Build 23 | 13 14 23 Greatest Support 40 | 40 40 40 Greatest Overweight (x) 3 | . 3 1 Average Overweight (x) . | . . . Largest Inventory Capacity 8 | 8 8 8 Average Capacity 7 | 6 8 8 Most Carried 8 | 4 8 8 Average Carried 7 | 1 6 7 Final Capacity 8 | 8 8 8 Final Carried 8 | 4 8 8 Class Distribution -------------------- 100% | Mutant Dominant Class ---------------- Mutant | -10/Materials Mutant | -10/Subcaves Resources | -11 -10 -10 ----------- Run | Yrd Mat Sub Matter Collected 842 | 177 394 271 Remotely . | . . . Salvage Created 854 | . 466 388 Parts 49 | . 24 25 Haulers Intercepted 2 | . 2 . Recyclers Shooed 1 | . 1 . Parts Field Recycled . | . . . Retrieved Matter . | . . . Parts Self-Destructed 19 | . . 19 Prevented . | . . . Parts Restored . | . . . Kills | -11 -10 -10 ------- Run | Yrd Mat Sub Combat Hostiles Destroyed 17 | . 9 8 Guns 15 | . 8 7 Cannons 1 | . . 1 AOE 1 | . 1 . Classes Destroyed 8 | . 5 3 Tunneler 1 | . 1 . Hauler 2 | . 2 . Recycler 1 | . 1 . Watcher 2 | . 2 . Swarmer 3 | . . 3 Grunt 11 | . 9 2 Artisan 2 | . . 2 Subdweller 3 | . . 3 Best Kill Streak 5 | . 5 3 Combat Bots Only 3 | . 2 3 Max Kills in Single Turn 2 | . 2 1 Gunslinging . | . . . Exploded 1 | . 1 . Melee . | . . . Uniques/NPCs Destroyed . | . . . Combat | -11 -10 -10 -------- Run | Yrd Mat Sub Hostile Shots Fired 80 | . 51 29 Missed 17 | . 9 8 Hits 63 | . 42 21 Projectile 63 | . 42 21 Damage Taken 838 | . 467 371 Core 255 | . 125 130 Absorbed by Shields . | . . . Redirected to Shielding 29 | . 22 7 Core Remaining (%) 100 | 100 . . Volleys Fired 96 | . 54 42 Largest 2 | . 2 2 Hottest 140 | . 60 140 Shots Fired 167 | . 102 65 Gun 141 | . 96 45 Cannon 15 | . . 15 Launcher 11 | . 6 5 Special . | . . . Kinetic 66 | . 48 18 Thermal 90 | . 48 42 Explosive 11 | . 6 5 Electromagnetic . | . . . Robot Hit Streak 21 | . 21 19 Robot Miss Streak 4 | . 4 3 Penetration Max . | . . . Secondary Targets . | . . . Shots Hit Robots 112 | . 73 39 Core Hits 53 | . 32 21 Critical Kills 1 | . 1 . Critical Parts Destroyed 1 | . 1 . Critical Strikes 3 | . 2 1 Burn 1 | . . 1 Destroy 2 | . 2 . Melee Attacks . | . . . Impact . | . . . Slashing . | . . . Piercing . | . . . Sneak Attacks . | . . . Combat Hostiles . | . . . Follow-up Attacks . | . . . Damage Inflicted 2548 | . 1412 1136 Guns 1344 | . 893 451 Cannons 186 | . . 186 Explosions 1018 | . 519 499 Melee . | . . . Ramming . | . . . Kinetic 595 | . 480 115 Thermal 935 | . 413 522 Explosive 1018 | . 519 499 Electromagnetic . | . . . Impact . | . . . Slashing . | . . . Piercing . | . . . Highest Corruption . | . . . Average Corruption . | . . . Corruption Purged . | . . . Corruption Blocked . | . . . Overload Shots . | . . . Overflow Damage 10 | . 10 . Projectiles . | . . . Explosions 10 | . 10 . Melee . | . . . Knockbacks . | . . . Impact . | . . . Kinetic . | . . . Secondary . | . . . Self-Inflicted Damage . | . . . Shots . | . . . Rammed . | . . . Targets Rammed . | . . . Kicked . | . . . Crushed . | . . . Highest Temperature 84 | . 84 46 Average Temperature 24 | . 28 13 Received Heat Transfer 333 | . 252 81 Siege Activations . | . . . Martial Activations . | . . . Shielding Activations . | . . . Robots Disrupted . | . . . Combat Hostiles . | . . . Robots Corrupted . | . . . Combat Hostiles . | . . . Parts Fried . | . . . Impact Corruptions . | . . . Robots Melted . | . . . Combat Hostiles . | . . . Parts Melted 1 | . . 1 Heat Transferred 1927 | . 875 1052 Parts Sabotaged . | . . . Parts Stolen . | . . . Parts Stripped . | . . . Power Chain Reactions . | . . . Alert | -11 -10 -10 ------- Run | Yrd Mat Sub Maximum Alert Level . | . . . Low Security (%) 100 | 100 100 . Level 1 . | . . . Level 2 . | . . . Level 3 . | . . . Level 4 . | . . . Level 5 . | . . . High Security . | . . . Max Security . | . . . Peak Influence 167 | . 167 . Initial . | . . . Average 58 | . 64 . Influence Increases 522 | . 402 120 Destroy 0b10 Robot/C 280 | . 180 100 Destroy 0b10 Robot/NC 30 | . 30 . Destroy Leader 68 | . 48 20 Successful Hack 6 | . 6 . Select Force Hacks 60 | . 60 . Destroy Structure 18 | . 18 . Lose Combat Pursuer 60 | . 60 . Influence Decreases 522 | . 244 278 Entered New Map 77 | . . 77 Time Decay 415 | . 244 171 Lost Part 30 | . . 30 Squads Dispatched 4 | . 4 . Investigation 3 | . 3 . Extermination . | . . . Reinforcement 1 | . 1 . Assault . | . . . Garrison . | . . . Intercept . | . . . Searches Triggered . | . . . Construction Impeded . | . . . Haulers Reinforced . | . . . Active Scanning Responses . | . . . Cargo Convoy Interrupts . | . . . Stealth | -11 -10 -10 --------- Run | Yrd Mat Sub Distress Signals . | . . . Communications Jammed . | . . . Distress Signals . | . . . Times Spotted 31 | . 21 10 Peak Tracking Total 4 | . 4 3 Tactical Retreats 4 | . 4 . Traps | -11 -10 -10 ------- Run | Yrd Mat Sub Traps Triggered 5 | . 5 . Indirectly . | . . . Trap Hack Attempts . | . . . Triggered . | . . . Disarmed . | . . . Reprogrammed . | . . . Reused . | . . . Traps Extracted . | . . . Installed . | . . . Triggered . | . . . Machines | -11 -10 -10 ---------- Run | Yrd Mat Sub Machines Disabled 2 | . . 2 Max in Single Turn 1 | . . 1 Machines Repaired . | . . . Machines Dismantled . | . . . Machines Sabotaged . | . . . Overloaded Fab Kills . | . . . Hacking | -11 -10 -10 --------- Run | Yrd Mat Sub Machines Accessed 4 | . 3 1 Terminals 1 | . 1 . Fabricators . | . . . Repair Stations . | . . . Recycling Units 2 | . 2 . Scanalyzers . | . . . Garrison Access . | . . . Total Hacks 6 | . 5 1 Successful 6 | . 5 1 Failed . | . . . Catastrophic . | . . . Database Lockouts . | . . . Manual 4 | . 4 . Terminals 3 | . 3 . Fabricators . | . . . Repair Stations . | . . . Recycling Units 2 | . 2 . Scanalyzers . | . . . Garrison Access . | . . . Terminal Hacks 3 | . 2 1 Robot Analysis 1 | . 1 . Recycling Unit Index 1 | . 1 . Proto ID Catalog 1 | . . 1 Fabricator Hacks . | . . . Repair Station Hacks . | . . . Recycling Unit Hacks . | . . . Scanalyzer . | . . . Garrison Access Hacks . | . . . Unauthorized Hacks 3 | . 3 . Terminals 1 | . 1 . Botnet 1 | . 1 . Fabricators . | . . . Repair Stations . | . . . Recycling Units 2 | . 2 . Tunnel 2 | . 2 . Scanalyzers . | . . . Garrison Access . | . . . Data Cores Recovered . | . . . Used . | . . . Hacking Detections 1 | . 1 . Full Trace Events . | . . . Feedback Events . | . . . Feedback Blocked . | . . . Robot Schematics Acquired . | . . . Robots Built . | . . . Authchips . | . . . Time . | . . . Total Robot Build Rating . | . . . Part Schematics Acquired . | . . . Parts Built . | . . . Authchips . | . . . Time . | . . . Total Part Build Rating . | . . . Part Studies Acquired . | . . . Parts Repaired . | . . . Time . | . . . Parts Recycled . | . . . Recycled Matter . | . . . Retrieved Matter . | . . . Retrieved Components . | . . . Parts Scanalyzed . | . . . Part Schematics Acquired . | . . . Parts Damaged . | . . . Bothacking | -11 -10 -10 ------------ Run | Yrd Mat Sub Used RIF Installer . | . . . Robots Hacked . | . . . Non-combat . | . . . Combat . | . . . Robot Hacks Applied . | . . . Relay Couplers Released . | . . . Fabnet Peak Effective % . | . . . Robots Rewired . | . . . Allies Hacked . | . . . Hacks Repelled . | . . . Allies | -11 -10 -10 -------- Run | Yrd Mat Sub Total Allies . | . . . Largest Group . | . . . Highest-Rated Group . | . . . Highest-Rated Ally . | . . . Total Orders . | . . . Ally Attacks . | . . . Total Damage . | . . . Kills . | . . . Allies Corrupted . | . . . Allies Melted . | . . . Intel | -11 -10 -10 ------- Run | Yrd Mat Sub Active Infowar (turns) 1463 | . . 1463 Structural 1463 | . . 1463 Robot Analysis Total 1 | . 1 . Derelict Logs Recovered 2 | . . 2 Drone Launches . | . . . Drone Recoveries . | . . . Exploration | -11 -10 -10 ------------- Run | Yrd Mat Sub Turns Passed 2350 | 70 706 1574 Spaces Moved 1588 | 41 305 1242 Core 8 | 7 1 . Treads 365 | 34 304 27 Legs . | . . . Wheels 1215 | . . 1215 Hover . | . . . Flight . | . . . Fastest Speed 50 | 50 160 100 Average Speed 115 | 141 160 103 Slowest Speed 200 | 160 200 160 Overloaded Moves . | . . . Propulsion Burnouts . | . . . Robots Hopped . | . . . Potential Cave-ins . | . . . Cave-ins Triggered . | . . . Exploration Rate (%) 34 | 3 39 62 Regions Visited 2 Branch Regions 1 Pre-discovered Areas 3 | . 2 1 Known Exits Taken . | . . . Unknown Exits Taken 2 | 1 1 . Scrap Searched 11 | . . 11 Spaces Dug . | . . . Terrain Destroyed 24 | . 16 8 Melee . | . . . Projectile 1 | . . 1 AOE 23 | . 16 7 Terrain Rammed . | . . . Walls Destroyed . | . . . Machines Disabled . | . . . Actions | -11 -10 -10 --------- Run | Yrd Mat Sub Total 1932 | 50 418 1464 Wait 181 | . 39 142 Move 1586 | 40 304 1242 Hop . | . . . Pick Up 21 | 4 7 10 Fast Attach 18 | 6 9 3 Attach 3 | . . 3 Detach . | . . . Swap 14 | . 2 12 Drop 13 | . 3 10 Fire 96 | . 54 42 Melee . | . . . Ram . | . . . Kick . | . . . Crush . | . . . Escape Stasis . | . . . Rewire . | . . . Trap . | . . . Miscellaneous . | . . . Route ------- -11/Scrapyard -10/Materials (discovered 2 exits: [*Mat] / *Sub) -10/Subcaves (discovered 1 exit: *Mat) History --------- Turn | Location | Event 4 | -11/Scrapyard | Discovered new exit (range 14) 71 | -11/Scrapyard | Entered Materials 189 | -10/Materials | Discovered new exit (range 14) 300 | -10/Materials | Build established: Mutant 473 | -10/Materials | Discovered new exit (range 5) 777 | -10/Materials | Entered Subcaves 818 | -10/Subcaves | Core integrity fell below 50% 885 | -10/Subcaves | Lost 3 parts (2n1w) 895 | -10/Subcaves | Core integrity fell below 20% 956 | -10/Subcaves | Shifting Twisted Machinery released Sub. Beam Cannon 1221 | -10/Subcaves | Learned location of Zion (-6) 1221 | -10/Subcaves | Met a Zionite searching for "candidates" 1297 | -10/Subcaves | Visited 4L-MR0's lab 1312 | -10/Subcaves | Found Cargo Legs 1821 | -10/Subcaves | Learned location of 1 exit from Materials 1979 | -10/Subcaves | Identified exit to Materials 2337 | -10/Subcaves | Ambushed by Subdwellers from Twisted Machinery 2351 | -10/Subcaves | Destroyed by HX-LYW(R) with Subdweller Machine Gun Last Messages --------------- 02101_ Searching scrap... 02101_ Found Sub. Shrapnel Launcher. 02101_ Found Sub. Monowheel. 02101_ Found 65 Matter. 02103_ Searching scrap... 02103_ Found Multitool. 02103_ Found 59 Matter. 02128_ Searching scrap... 02128_ Found Flamer. 02128_ Found Spk. Treads. 02128_ Found 58 Matter. 02130_ Dropped Com. Wheel. 02131_ Acquired Spk. Treads. 02132_ Acquired 10 matter. 02141_ Dropped Battle Cannon. 02144_ Acquired Sub. Laser. 02337_ HX-LYW(R) emerges from the Twisted Machinery. 02349_ Sub. Beam Cannon shoots sparks and powers down. Map ----- +----------------------------------------------------+ | ?????????????????????????????????????????????????? | | ?????????????????????????????????????????????????? | | ?????????????????????????????????????????????????? | | ?????????????????????????????????????????????????? | | ?????????????????????????????????????????????????? | | ?????????????????????????????????????????????????? | | ?????????????????????????????????????????????????? | | ?????????????????????????????????????????????????? | | ?????????????????????????????????????????????????? | | ?????????????????????????????????????????????????? | | ####?????????????????????????????????????????????? | | ########?????????????????????????????????????????? | | ########???????????????????????????????????????? | | ## #####???????????#####??????????????????????? | | ###??????? ?? ####??????????????????????? | | ##????? % ##?????????????????????? | | ##????? % % ##???" ????????????????? | | ###?????? ## ##?##"" ???????????????? | | ## ###????? ^ ### ####" "???????????????? | | ## ###??????## ### #### <""???????????????? | | ## ###??????## #### ### "##???????????????? | | ## ##??????## ## " ##???????????????? | | ### ########## "R# # ###???????????????? | | ## ########## ## ## ## ##???????????????? | | #### ### ### # ## #####????????????? | | ### @### #####????????????? | | ### R## ## ##????????????? | | """ ### ##????????????? | | ###"""" = ##????????????? | | ##### """""" ##????????????? | | ?######" """"" ###????????????? | | ???##### "## """" ###????????????? | | ?????####"### ## ##?????????????? | | ??????##### """ #### #### ##?????????????? | | ???????####""""" ##################?????????????? | | ?????????###" ############?#####?????????????? | | ?????????### ###########????????????????????? | | ????#" ? ## #######????????????????????? | | ????## ## ##????????????????????? | | ???### ##????????????????????? | | ???## #######??????????????????? | | ?? ### ## ######????????????????? | | ??? ###### #####???????????????? | | ??? ####### ###???????????????? | | ??? ######* ##???????????????? | | ???## ## ###???????????????? | | ??### ### ###### ####???????????????? | | #### #### ####### ###????????????????? | | ### ### ## #### ###????????????????? | | #### #### ### ##????????????????? | +----------------------------------------------------+ Best States ------------- Heat Dissipation 25 Energy Generation 14 Energy Capacity 250 Matter Stores 300 Matter Capacity 300 Sight Range 16 Terrain Scan Density 10 Core Shielding 20 Evasion (%) 40 Recoil Reduction 2 Item Schematics ----------------- None Robot Schematics ------------------ None Fabricated ------------ Nothing Repaired ---------- Nothing Studied --------- None Alien Tech Used ----------------- None Achievements -------------- None Challenges ------------ None Game ------ Seed MetamassCoilRedistributor Manual? 0 Play Time 00:13:22 Cumulative 338.8 hours Start 2026.09.06 @ 02:33:57 End 2026.09.06 @ 02:46:04 Sessions 1 Manual Loads 0 Difficulty Rogue Special Mode None Game No. 316 Rogue 262 Adventurer 54 Explorer 0 Win Type - Total 16 Types 11/1/1/1/0/0/0/1/0/1 Lore% 80 Gallery% 69 Achievement% 65 Wizard Run 0 Options --------- Layout 1 ASCII 0 Keyboard 0 Movement Mouse Keybinds 1 Fullscreen 2 Font 32/Tamsyn Map View 50x35 Zoom Use 0% Tactical HUD 1 Map Filters NONE Filters NONE Steam 1 RUN: 0b5ed31c-c351-47da-8eb0-5834283a37c8